 Dungeon Crawl Stone Soup version 0.30-a0-1163-gf69bf04e7a (webtiles) character file.

Game seed: 8592978231815086369

49 voltaire321 the Sneak (level 3, 0/22 HPs)
             Began as an Octopode Earth Elementalist on Apr 28, 2023.
             Slain by a gnoll
             ... wielding a +0 flail
              (8 damage)
             ... on level 2 of the Dungeon.
             The game lasted 00:02:48 (800 turns).

voltaire321 the Sneak (Octopode Earth Elementalist)  Turns: 800, Time: 00:02:48

Health: 0/22       AC:  1    Str:  7    XL:     3   Next: 75%
Magic:  4/6        EV: 12    Int: 19    God:
Gold:   63         SH:  3    Dex: 12    Spells: 0/6 levels left

rFire   . . .        b - +2 short sword (vamp)
rCold   . . .        m - +0 buckler
rNeg    . . .        (helmet restricted)
rPois   .            (no amulet)
rElec   .            e - ring of see invisible
rCorr   .            (no ring)
SInv    +            (no ring)
Will    .....        (no ring)
Stlth   +++          (no ring)
HPRegen 0.23/turn    (no ring)
MPRegen 0.10/turn    (no ring)
                     (no ring)

%: no passive effects
@: no status effects
A: almost no armour, amphibious, 8 rings, camouflage 1, gelatinous body 1,
(nimble swimmer 1), tentacles
a: no special abilities


You were on level 2 of the Dungeon.
You visited 1 branch of the dungeon, and saw 2 of its levels.

You collected 63 gold pieces.

Inventory:

Hand Weapons
 b - a +2 vampiric short sword (weapon)
Armour
 m - a +0 buckler (worn)
Jewellery
 e - a ring of see invisible (left tentacle)
Scrolls
 d - a scroll of enchant armour {unknown}
 f - a scroll of enchant weapon {unknown}
 g - a scroll of teleportation {unknown}
 h - a scroll of brand weapon {unknown}
 k - a scroll of poison {unknown}
Potions
 a - 2 potions of magic
 c - a potion of haste {unknown}
 i - a potion of mutation {unknown}
 j - a potion of degeneration {unknown}
 l - a potion of berserk rage {unknown}


   Skills:
 + Level 0.8 Fighting
 + Level 2.3 Dodging
 + Level 3.3 Stealth
 + Level 0.4 Shields
 + Level 2.4 Spellcasting
 + Level 0.2 Conjurations
 + Level 1.5 Transmutations
 + Level 3.2 Earth Magic


You couldn't memorise any spells.
You knew the following spells:

 Your Spells              Type           Power      Damage    Failure   Level
a - Sandblast             Erth           28%        2d8       7%          1
b - Stone Arrow           Conj/Erth      16%        3d8       36%         3
c - Passwall              Tmut/Erth      9%         N/A       16%         2

Your spell library contained the following spells:

 Spells                   Type           Power      Damage    Failure   Level
 Vhi's Electric Charge    Tloc/Air       4%         N/A       63%         3
 Petrify                  Tmut/Erth      11%        N/A       71%         4
 Arcjolt                  Conj/Air       1%         1d11      100%        5
 Maxwell's Capacitive Co  Air            1%         ∞         100%        8


Dungeon Overview and Level Annotations

Branches:
Dungeon (2/15)

Altars:
Makhleb


Innate Abilities, Weirdness & Mutations

You cannot wear most types of armour.
You are amphibious.
You can wear up to eight rings at the same time.
Your skin changes colour to match your surroundings (Stealth+).
Your rubbery body absorbs attacks. (AC +1, EV +1)
((You are camouflaged when in or above water. (Stealth+)))
You have tentacles for arms and can constrict up to eight enemies at once.


Message History

Your squeeze misses the gnoll. You hit the gnoll. You grab the gnoll.
The gnoll is moderately wounded.
You constrict the gnoll, but do no damage.
A gnoll comes into view. It is wielding a +0 spear.
The gnoll hits you with a +0 whip.
You release your grip on the gnoll.
The gnoll attacks as you move away! The gnoll misses you.
The gnoll attacks as you move away! The gnoll hits you with a +0 flail.
The gnoll shouts!
You hit the gnoll.
You feel better.
Your grab misses the gnoll.
The gnoll is lightly wounded.
The gnoll closely misses you.
You hit the gnoll but do no damage. You grab the gnoll. You squeeze the gnoll!
You kill the gnoll!
You hit the gnoll. You grab the gnoll.
You squeeze the gnoll, but do no damage.
The gnoll is severely wounded.
You constrict the gnoll. The gnoll hits you with a +0 whip.
A gnoll comes into view. It is wielding a +0 flail.
You hit the gnoll.
You kill the gnoll!
Aiming: Sandblast (safe; 7% risk of failure)
Press: ? - help, Q - select action, (/) - cycle Shift-Dir - straight line, f - gnoll
Aim: a gnoll, wielding a +0 spear (84% to hit)
The blast of sand hits the gnoll!
The gnoll is heavily wounded.
The gnoll barely misses you.
The gnoll hits you from afar with a +0 spear.
Aiming: Sandblast (safe; 7% risk of failure)
Press: ? - help, Q - select action, (/) - cycle Shift-Dir - straight line, f/p - gnoll
Aim: a gnoll, wielding a +0 spear (heavily wounded, 84% to hit)
The blast of sand hits the gnoll.
The gnoll is severely wounded.
The gnoll barely misses you.
You hit the gnoll. You grab the gnoll.
The gnoll is lightly wounded.
You constrict the gnoll. The gnoll closely misses you.
The gnoll hits you with a +0 flail!
You die...

#.......##...#.....#
#.....#......#.....#
#............#.....###
#.....##.............###
####..##..##............
##..##.###.......##..
#..g..###...........
###g#..###[....##..#
#@#....#..##.###.. #######
#...##....##.####.
#.)...######..###.......#
## #.###.......#.#
#...##..###
#...###.#.....###.........#
###.#
#...........#####...## #.#
#####.......## #..... #.###
#........####.###. #...#
###......>..#.....


You could see 2 gnolls.

Vanquished Creatures
  2 gnolls (D:2)
  A worm (D:2)
  2 dart slugs
  3 endoplasms
  A goblin (D:2)
  2 hobgoblins
  2 jackals (D:2)
  2 ball pythons (D:1)
  2 bats (D:1)
  4 kobolds
  4 rats
25 creatures vanquished.

Notes
Turn   | Place    | Note
-------+----------+-------------------------------------------
     0 | D:1      | voltaire321 the Octopode Earth Elementalist began the quest
                  | for the Orb.
     0 | D:1      | Reached XP level 1. HP: 11/11 MP: 3/3
   226 | D:1      | Reached XP level 2. HP: 17/17 MP: 5/5
   272 | D:1      | Found a faded altar of an unknown god.
   571 | D:2      | Found a burning altar of Makhleb.
   631 | D:2      | Reached XP level 3. HP: 20/22 MP: 6/6
   698 | D:2      | Learned a level 3 spell: Stone Arrow
   701 | D:2      | Learned a level 2 spell: Passwall
   800 | D:2      | Slain by a gnoll

Illustrated notes

Levels and vault maps discovered:
D:1:      ncdulo_smallfort, layout_rooms, chequers_ecumenical_altar_island
D:2:      layout_rooms, basic_altar, uniq_crazy_yiuf_cottage

Skill      XL: |  1  2 |
---------------+-------+-----
Stealth        | 3 |  3.3
Fighting       | |  0.8
Dodging        | |  2.3
Shields        | |  0.4
Spellcasting   | |  2.4
Conjurations   | |  0.2
Transmutations | |  1.5
Earth Magic    | |  3.2

Action                     || total
---------------------------++-------
  Melee: Short sword       ||    37
         Constrict         ||    13
         Tentacles         ||     7
   Cast: Sandblast         ||     9
   Stab: Sleeping          ||     6
         Distracted        ||     1
 Armour: Skin              ||     2
  Dodge: Dodged            ||    17
  Block: Buckler           ||     1

Table legend: (Time is in decaauts)
 A = Elapsed time spent in this place.
 B = Non-inter-level travel time spent in this place.
 C = Inter-level travel time spent in this place.
 D = Time resting spent in this place.
 E = Time spent auto-exploring this place.
 F = Levels seen in this place.
 G = Mean time per level.
                   A        B        C        D        E       F      G
               +--------+--------+--------+--------+--------+-----+--------+
         Total |    803 |    803 |      0 |     36 |    529 |   2 |  401.5 |
       Dungeon |    803 |    803 |      0 |     36 |    529 |   2 |  401.5 |
               +--------+--------+--------+--------+--------+-----+--------+

Top non-repeatable levels by time:
     D:1: 474 daAuts
     D:2: 329 daAuts
